 Dungeon Crawl Stone Soup version 0.31-a0-1522-g43313d8a59 (webtiles) character file.

Game seed: 14745179703250071360

816 AstroCodex24 the Chopper (level 7, 0/60 HPs)
             Began as a Demigod Fighter on Dec 30, 2023.
             Killed by divine providence
             ... invoked by an orc priest
              (13 damage)
             ... on level 4 of the Dungeon.
             The game lasted 00:07:20 (2098 turns).

AstroCodex24 the Chopper (Demigod Fighter)          Turns: 2098, Time: 00:07:21

Health: 0/60       AC: 13    Str: 25    XL:     7   Next: 35%
Magic:  9/9        EV:  7    Int: 10    God:
Gold:   186        SH:  5    Dex: 13    Spells: 6/6 levels left

rFire   . . .        a - +0 war axe
rCold   . . .        c - +0 buckler
rNeg    . . .        i - +0 plate armour
rPois   .            (no helmet)
rElec   .            m - +0 cloak
rCorr   .            (no gloves)
SInv    .            (no boots)
Will    .....        (no amulet) Stlth
                     (no ring)
HPRegen 0.30/turn    (no ring)
MPRegen 0.11/turn

%: no passive effects
@: no status effects
A: high MP 1, forlorn, divine attributes
a: no special abilities


You were on level 4 of the Dungeon.
You visited 1 branch of the dungeon, and saw 5 of its levels.

You collected 186 gold pieces.

Inventory:

Hand Weapons
 a - a +0 war axe (weapon)
Armour
 c - a +0 buckler (worn)
 i - a +0 plate armour (worn)
 m - a +0 cloak (worn)
Scrolls
 b - a scroll of enchant armour {unknown}
 f - a scroll of amnesia {unknown}
 g - 2 scrolls of blinking {unknown}
 h - a scroll of brand weapon {unknown}
 j - a scroll of summoning {unknown}
 k - a scroll of teleportation {unknown}
 l - 3 scrolls of identify {unknown}
Potions
 d - a potion of might
 e - a potion of ambrosia {unknown}


   Skills:
 + Level 4.5 Fighting
 + Level 5.2 Axes
 + Level 4.4 Armour
 + Level 1.5 Dodging
 + Level 0.2 Stealth
 + Level 3.6 Shields


You had 6 spell levels left.
You didn't know any spells.
Your spell library contained the following spells:

 Spells                   Type           Power      Damage    Failure   Level
 Jinxbite                 Hex            0%         N/A       100%        2
 Dazzling Flash           Conj/Hex       0%         N/A       100%        3
 Mephitic Cloud           Conj/Alch/Air  0%         N/A       100%        3
 Curse of Agony           Necr           0%         N/A       100%        5
 Silence                  Hex/Air        0%         N/A       100%        5
 Yara's Violent Unravell  Hex/Alch       0%         3d3       100%        5
 Enfeeble                 Hex            0%         N/A       100%        7


Dungeon Overview and Level Annotations

Branches:
Dungeon (5/15)
 Temple: D:4-7


Innate Abilities, Weirdness & Mutations

You have an increased reservoir of magic. (+10% MP)
You shall have no god before yourself.
Your divine heritage dramatically boosts your attributes as you level up.


Message History

The orc is heavily wounded.
The orc priest hits you from afar with a +0 trident.
The orc hits you but does no damage.
You hit the orc.
The orc is almost dead.
The orc priest calls down the wrath of Beogh upon you.
Beogh smites you! The orc barely misses you.
You closely miss the orc.
The orc is almost dead.
You block the orc priest's attack. The orc hits you with a +0 dagger.
The orc priest hits you but does no damage.
You hit the orc but do no damage.
The orc is almost dead.
The orc hits you with a +0 dagger.
The orc priest hits you but does no damage.
The orc hits you but does no damage.
You hit the orc.
You kill the orc!
The orc priest looks braver for a moment.
You hit the orc.
You kill the orc!
The orc priest hits you but does no damage.
The orc priest barely misses you.
Items here: )) [ †.
The orc priest begins to cast a cantrip, but forgets the words!
You see here a +0 whip.
The orc priest hits you with a +0 trident.
The orc priest begins to cast a cantrip, but forgets the words!
The orc priest mumbles some strange prayers to Beogh against you.
Pain shoots through your body!
The orc priest attacks as it pursues you!
You block the orc priest's attack.
The orc priest calls down the wrath of Beogh upon you.
Beogh smites you!
* * * LOW HITPOINT WARNING * * *
The orc priest invokes the aid of Beogh against you.
You struggle to resist.
The orc priest mumbles some strange prayers to Beogh against you.
Beogh smites you!
You die...

#######
##############
#.....# #......
..#.. ......#@#
#.##.## #.#>#
###.# #.#
#.#...###.#.## #
#o###....)).......
#...o.....###.#.##
#####.##.## #.#.##
#.##.# #.#...
#.##.# #.####
#..... ..####
###... ####..


You could see an orc priest.

Vanquished Creatures
  A phantom (D:5)
  3 necrophages (D:5)
  2 wights (D:5)
  3 bombardier beetles
  A centaur zombie (D:5)
  A human zombie (D:5)
  4 hounds
  A jelly (D:5)
  A hound zombie (D:5)
  3 mummies (D:5)
  A howler monkey zombie (D:5)
  4 adders
  8 orcs
  4 ball pythons
  An endoplasm (D:4)
  A giant cockroach (D:1)
  3 goblins
  5 hobgoblins
  A quokka (D:2)
  4 bats
  2 frilled lizards (D:2)
  A kobold (D:2)
55 creatures vanquished.

Notes
Turn   | Place    | Note
-------+----------+-------------------------------------------
     0 | D:1      | AstroCodex24 the Demigod Fighter began the quest for the
                  | Orb.
     0 | D:1      | Reached XP level 1. HP: 18/18 MP: 3/3
    88 | D:2      | Reached skill level 2 in Axes
    88 | D:2      | Reached XP level 2. HP: 22/25 MP: 4/4
   300 | D:2      | Reached XP level 3. HP: 30/31 MP: 5/5
   578 | D:4      | Reached XP level 4. HP: 15/38 MP: 6/6
   689 | D:4      | Reached skill level 3 in Axes
   689 | D:4      | Reached skill level 1 in Dodging
   774 | D:5      | Entered Level 5 of the Dungeon
   897 | D:5      | Noticed a phantom
   927 | D:5      | Killed a phantom
   928 | D:5      | Reached XP level 5. HP: 45/45 MP: 7/7
  1051 | D:5      | Reached XP level 6. HP: 13/52 MP: 8/8
  1066 | D:5      | Reached skill level 4 in Axes
  1287 | D:5      | Reached XP level 7. HP: 57/60 MP: 9/9
  1378 | D:5      | Reached skill level 5 in Axes
  2098 | D:4      | Killed from afar by an orc priest

Illustrated notes

Levels and vault maps discovered:
D:1:      tarquinn_simple_flora_water_c, layout_basic,
          shapermc_ecumenical_altar_hornbeckon
D:2:      minmay_chambers_of_ones, layout_rooms, serial_shops,
          nicolae_shop_pleasant_corner_grove
D:3:      layout_basic, nicolae_uskayaw_en_pointe, serial_shops, shop,
          dreamdust_princess_corridor, minmay_rat_hole
D:4:      layout_loops_corners, lemuel_blue_sif_altar
D:5:      layout_rooms, lemuel_mausoleum_altar_yredelemnul, elyvilon_altar_1,
          mainiacjoe_overflow_alcove_2, mainiacjoe_overflow_small_starburst

Skill      XL: |  1  2  3  4  5  6  7 |
---------------+----------------------+-----
Axes           | 2 3 4 5 |  5.2
Shields        | 3 |  3.6
Fighting       | 3 4 |  4.5
Armour         | 3 4 |  4.4
Dodging        | 1 |  1.5
Stealth        | |  0.2

Action                     |  1- 3 |  4- 6 |  7- 9 || total
---------------------------+-------+-------+-------++-------
  Melee: War axe           |    73 |   110 |   118 ||   301
 Armour: Scale mail        |    74 |     9 |       ||    83
         Plate armour      |       |    77 |    60 ||   137
  Dodge: Dodged            |    60 |    43 |    21 ||   124
  Block: Buckler           |    31 |    19 |    15 ||    65

Table legend: (Time is in decaauts)
 A = Elapsed time spent in this place.
 B = Non-inter-level travel time spent in this place.
 C = Inter-level travel time spent in this place.
 D = Time resting spent in this place.
 E = Time spent auto-exploring this place.
 F = Levels seen in this place.
 G = Mean time per level.
                   A        B        C        D        E       F      G
               +--------+--------+--------+--------+--------+-----+--------+
         Total |   2197 |   2070 |    127 |      0 |      0 |   5 |  439.4 |
       Dungeon |   2197 |   2070 |    127 |      0 |      0 |   5 |  439.4 |
               +--------+--------+--------+--------+--------+-----+--------+

Top non-repeatable levels by time:
     D:5: 1249 daAuts
     D:4: 460 daAuts
     D:2: 369 daAuts
     D:1: 71 daAuts
     D:3: 47 daAuts
